Description

helliomns + marauders push

Build Order

Get SALT Encoding   

  12  0:00  SCV  
  13  0:13  SCV  
  14  0:17  Supply Depot  
  14  0:25  SCV  
  15  0:39  SCV  
  15  0:40  Barracks  
  16  0:44  Refinery  
  16  0:51  SCV  
  17  1:03  SCV  
  18  1:15  SCV  
  19  1:27  Orbital Command  
  19  1:28  Reaper  
  20  1:39  Command Center  
  20  1:48  Supply Depot  
  20  1:53  SCV  
  21  1:59  Marine  
  22  2:03  Factory  
  22  2:06  SCV  
  23  2:12  Refinery  
  23  2:18  SCV  
  23  2:20  Barracks Reactor  
  26  2:51  Orbital Command  
  26  2:52  Starport  
  27  3:01  Hellion x2  
  31  3:10  Supply Depot  
  31  3:11  Barracks Tech Lab  
  32  3:22  Hellion x2  
  38  3:29  Viking  
  41  3:37  Marauder  
  44  3:41  Supply Depot  
  44  3:46  Hellion x2  
  50  3:59  Marauder  
  50  4:00  Medivac  
  54  4:04  Supply Depot  
  54  4:08  Armory  
  55  4:11  Hellion  
  56  4:20  Liberator, Marauder  
  56  4:22  Concussive Shells  
  62  4:31  Hellion x2  4:40 all in!!
  73  4:52  Hellion  
  83  5:22  Command Center  
Spawning Tool Build Advisor. Get it on Overwolf

Go to:

Details

  • Created by: igneeldragon
  • Published on: Feb 25, 2020
  • Modified on: Feb 25, 2020
  • Patch: 4.11.0
Show
View Real Time Build Order
Export as new Build Order

Comments (0)

There are no comments. Be the first!

Create an account to comment!